 Dungeon Crawl Stone Soup version 0.23.0 (webtiles) character file.

Game seed: 6173022018959356774

304 Masnef the Vexing (level 6, -1/32 HPs)
             Began as a Tengu Enchanter on Feb 10, 2019.
             Slain by an orc
             ... wielding a +0 club
              (3 damage)
             ... on level 3 of the Dungeon.
             The game lasted 00:07:17 (3431 turns).

Masnef the Vexing (Tengu Enchanter)                 Turns: 3431, Time: 00:07:19

Health: -1/32      AC:  5    Str:  8    XL:     6   Next: 38%
Magic:  2/10       EV: 15    Int: 23    God:
Gold:   106        SH:  0    Dex: 14    Spells: 3/9 levels left

rFire    x . .     SeeInvis .   a - +1 dagger
rCold    + . .     Gourm    .   (no shield)
rNeg     . . .     Faith    .   o - +2 robe {MR+}
rPois    .         Spirit   .   (helmet restricted)
rElec    .         Reflect  .   p - +0 cloak
rCorr    .         Harm     .   (no gloves)
MR       ++...                  (boots unavailable)
Stlth    ++........             (no amulet)
HPRegen  0.10/turn              m - ring of ice
MPRegen  0.12/turn              j - ring of protection from magic

@: brilliant, about to teleport, flying quickly and evasively, very slightly
contaminated, quick
A: beak, talons 3, able to fly
a: Stop Flying


You were on level 3 of the Dungeon.
You were not hungry.

You visited 1 branch of the dungeon, and saw 3 of its levels.

You collected 106 gold pieces.

Inventory:

Hand Weapons
 a - a +1 dagger (weapon)
Armour
 b - a +0 robe
 o - a +2 robe of magic resistance (worn)
 p - a +0 cloak (worn)
Jewellery
 j - a ring of protection from magic (right hand)
 m - a ring of ice (left hand)
Scrolls
 c - a scroll of fear {unknown}
 e - 2 scrolls of identify {unknown}
 f - 2 scrolls of teleportation
 i - a scroll of fog {unknown}
 k - 2 scrolls of noise {unknown}
Potions
 g - a potion of curing {unknown}
 h - a potion of brilliance
 l - a potion of agility
Comestibles
 d - 4 rations


   Skills:
 - Level 1.1 Short Blades
 + Level 2.5 Dodging
 + Level 3.6 Stealth
 + Level 2.1 Spellcasting
 - Level 4.8 Hexes
 * Level 0.6 Ice Magic


You had 3 spell levels left.
You knew the following spells:

 Your Spells              Type           Power        Failure   Level  Hunger
a - Corona                Hex            #####..      1%          1    None
b - Ensorcelled Hibernat  Hex/Ice        #####.       1%          2    ##.....
c - Confuse               Hex            #####...     1%          3    ###....

Your spell library contained the following spells:

 Spells                   Type           Power        Failure   Level  Hunger
 Dazzling Spray           Conj/Hex       ####..       1%          3    ###....
 Tukima's Dance           Hex            #####...     1%          3    ###....


Dungeon Overview and Level Annotations

Branches:
Dungeon (3/15)

Altars:
Okawaru


Innate Abilities, Weirdness & Mutations

You have a beak for a mouth.
You have claws for feet.
You can fly continuously.


Message History

The quokka closely misses you. The orc hits you with a +0 club.
You closely miss the quokka.
The quokka is severely wounded.
The quokka misses you. The frilled lizard barely misses you.
The kobold hits you with a +0 dagger.
* * * LOW HITPOINT WARNING * * *
The orc closely misses you. The worm bites you.
* * * LOW HITPOINT WARNING * * *
As you read the scroll labeled DERANO VUGOSOX, it crumbles to dust.
You feel strangely unstable.
It was a scroll of teleportation.
The quokka misses you.
The frilled lizard bites you but does no damage.
The kobold misses you. The orc barely misses you. The quokka barely misses you.
It was a potion of brilliance.
You feel clever all of a sudden. The frilled lizard barely misses you.
The kobold barely misses you. The worm bites you.
* * * LOW HITPOINT WARNING * * *
The quokka completely misses you. The orc hits you with a +0 club.
You die...

##.. ♣.♣. ...♣ ♣
_.♣.♣
#...♣.♣.♣.♣
#....♣%♣.♣ .
#.....♣.♣...
#..#...♣...#
.#.##.Kol.......
......w@rl#
.#.######.# #.#
#.# #.# #.#
#.#######
#.#......
#.....###


You could see a worm, an orc, a leopard gecko, a quokka, a kobold and a frilled
lizard.

Vanquished Creatures
  Sigmund (D:2)
  Crazy Yiuf (D:2)
  Jessica (D:2)
  2 adders (D:2)
  4 gnolls (D:2)
  A worm (D:2)
  2 dart slugs
  An orc (D:3)
  4 giant cockroaches (D:1)
  2 goblins
  6 hobgoblins
  2 jackals (D:1)
  6 kobolds
  A ball python (D:2)
  3 bats
  2 frilled lizards (D:1)
  3 rats (D:1)
42 creatures vanquished.

Notes
Turn   | Place    | Note
-------+----------+-------------------------------------------
     0 | D:1      | Masnef the Tengu Enchanter began the quest for the Orb.
     0 | D:1      | Reached XP level 1. HP: 10/10 MP: 4/4
   163 | D:1      | Reached XP level 2. HP: 7/15 MP: 6/6
   167 | D:1      | Learned a level 2 spell: Ensorcelled Hibernation
   668 | D:1      | Reached skill level 3 in Hexes
   778 | D:1      | Reached XP level 3. HP: 19/19 MP: 7/7
   788 | D:1      | Learned a level 3 spell: Confuse
  1604 | D:2      | Reached XP level 4. HP: 24/24 MP: 5/8
  1885 | D:2      | Noticed Sigmund
  1899 | D:2      | Killed Sigmund
  1899 | D:2      | Reached skill level 4 in Hexes
  1899 | D:2      | Gained mutation: You can fly continuously. [Tengu growth]
  1899 | D:2      | Reached XP level 5. HP: 28/28 MP: 3/9
  2348 | D:2      | Noticed Jessica
  2355 | D:2      | Killed Jessica
  2355 | D:2      | Reached XP level 6. HP: 32/32 MP: 7/10
  2423 | D:2      | Found a runed translucent door.
  2424 | D:2      | Noticed Crazy Yiuf
  2441 | D:2      | Killed Crazy Yiuf
  3420 | D:3      | Found an iron altar of Okawaru.
  3431 | D:3      | Slain by an orc

Skill      XL: |  1  2  3  4 |
---------------+-------------+-----
Hexes          | 3 4 |  4.8
Short Blades   | |  1.1
Dodging        | |  2.5
Stealth        | |  3.6
Spellcasting   | |  2.1
Ice Magic      | |  0.6

Action                   |  1- 3 |  4- 6 || total
-------------------------+-------+-------++-------
Melee: Dagger            |    77 |    44 ||   121
       Peck              |     9 |     5 ||    14
       Kick              |    15 |     7 ||    22
 Cast: Corona            |     2 |     1 ||     3
       Ensorcelled Hiber |     5 |    10 ||    15
       Confuse           |       |     4 ||     4
 Abil: Fly               |       |     1 ||     1
  Use: Scroll            |       |     1 ||     1
       Potion            |       |     1 ||     1
 Stab: Sleeping          |    12 |     8 ||    20
       Confused          |       |     3 ||     3
  Eat: Chunk             |     3 |     6 ||     9
Armor: Robe              |    10 |     2 ||    12
Dodge: Dodged            |    47 |    45 ||    92
